 Dungeon Crawl Stone Soup version 0.30-a0-12-gd8047c6341 (webtiles) character file.

Game seed: 12389975577513164882

35 Newt the Trooper (level 3, -11/28 HPs)
             Began as a Demonspawn Gladiator on Aug 23, 2022.
             Mangled by a gnoll
             ... wielding a +0 flail
              (12 damage)
             ... on level 2 of the Dungeon.
             The game lasted 00:01:58 (1314 turns).

Newt the Trooper (Demonspawn Gladiator)             Turns: 1314, Time: 00:01:59

Health: -11/28     AC:  4    Str: 16    XL:     3   Next: 17%
Magic:  3/3        EV: 12    Int:  9    God:
Gold:   44         SH:  0    Dex: 16    Spells: 2/2 levels left

rFire   . . .      SeeInvis .    m - +0 hand axe (vamp)
rCold   . . .      Faith    .    (no shield)
rNeg    . . .      Spirit   .    b - +0 leather armour
rPois   .          Reflect  .    c - +0 helmet
rElec   .          Harm     .    (no cloak)
rCorr   .          Rampage  .    (no gloves)
Will    .....                    (no boots)
Stlth   +++.......               (no amulet)
HPRegen 0.09/turn                (no ring)
MPRegen 0.08/turn                (no ring)

@: no status effects
A: thin skeletal structure 1, demonic magic 1
a: no special abilities


You were on level 2 of the Dungeon.
You visited 1 branch of the dungeon, and saw 2 of its levels.

You collected 44 gold pieces.

Inventory:

Hand Weapons
 a - a +0 rapier
 m - a +0 vampiric hand axe (weapon)
Missiles
 d - 3 throwing nets (quivered)
 e - a javelin
Armour
 b - a +0 leather armour (worn)
 c - a +0 helmet (worn)
Jewellery
 p - an amulet of reflection
Potions
 f - a potion of attraction
 g - a potion of curing {unknown}
 i - a potion of might {unknown}
 j - a potion of resistance {unknown}
 q - a potion of haste {unknown}


   Skills:
 + Level 2.9 Fighting
 - Level 2.6 Short Blades
 - Level 1.7 Throwing
 - Level 2.6 Dodging
 - Level 2.0 Stealth


You had 2 spell levels left.
You didn't know any spells.
Your spell library was empty.

Dungeon Overview and Level Annotations

Branches:
Dungeon (2/15)

Altars:


Innate Abilities, Weirdness & Mutations

You have a somewhat thin skeletal structure. (Dex +2, Stealth+)
Spells you cast may paralyse adjacent enemies.


Message History

A bat is nearby!
You barely miss the bat. The bat closely misses you.
You hit the bat but do no damage. The bat misses you. The bat hits you.
Your endoplasm hits the bat but does no damage.
You slash the bat!
You feel better.
You kill the bat!
No target in view!
You open the door.
There is an open door here.
Your hobgoblin dissolves into shadows!
Your quokka dissolves into shadows!
Your endoplasm dissolves into shadows!
A goblin and a kobold come into view.
The goblin shouts!
The goblin moves out of view.
A kobold is nearby!
A kobold is nearby!
A kobold is nearby!
An adder comes into view. 2 gnolls come into view.
Found a scroll of identify.
Found a stone staircase leading down.
The gnoll shouts!
The kobold shouts!
You hit the goblin.
The goblin is severely wounded.
The goblin hits you with a +0 club.
You slash the goblin!
You feel better.
You kill the goblin!
The adder bites you but does no damage.
Unknown command.
You closely miss the gnoll. The gnoll barely misses you. x2
The gnoll hits you from afar with a +0 halberd.
You barely miss the gnoll.
The gnoll hits you from afar with a +0 halberd!
The gnoll closely misses you.
You hit the gnoll.
You feel better.
The gnoll is lightly wounded.
The gnoll hits you from afar with a +0 halberd!
* * * LOW HITPOINT WARNING * * *
The gnoll hits you with a +0 flail!
You die...

*,,,,,,,,* **,,
*.....?.,* *,,,
*.......,* *,,,
*.......,* **,,
*.......,* **,
*......>,* **
*.......,* *,
####K......,* **,
#.@gS......,* *,*
#.##g#####.** **+*
#.#*.# ***,* *,,,
#.#*g# *,,,* *,,,
#.#*.# *,*,* *,,,
#.#*.#**^*,* ****
#.#,..**_*,**
#.#*#.,###,,*######
#.######g#####.<ยงยง.


You could see 2 gnolls, an adder and a kobold.

Vanquished Creatures
  A gnoll (D:1)
  4 bats
  2 endoplasms (D:1)
  A giant cockroach (D:1)
  2 goblins
  3 hobgoblins (D:1)
  3 quokkas (D:1)
  4 ball pythons (D:1)
  2 frilled lizards (D:1)
  A kobold (D:2)
  3 rats (D:1)
26 creatures vanquished.

Notes
Turn   | Place    | Note
-------+----------+-------------------------------------------
     0 | D:1      | Newt the Demonspawn Gladiator began the quest for the Orb.
     0 | D:1      | Reached XP level 1. HP: 16/16 MP: 1/1
    57 | D:1      | Reached skill level 1 in Stealth
   216 | D:1      | Gained mutation: You have a somewhat thin skeletal
                  | structure. (Dex +2, Stealth+) [demonic ancestry]
   216 | D:1      | Reached XP level 2. HP: 21/22 MP: 2/2
   855 | D:1      | Gained mutation: Spells you cast may paralyse adjacent
                  | enemies. [demonic ancestry]
   855 | D:1      | Reached XP level 3. HP: 23/28 MP: 3/3
  1314 | D:2      | HP: 1/28 [gnoll/+0 halberd (11)]
  1314 | D:2      | Mangled by a gnoll

Illustrated notes

Levels and vault maps discovered:
D:1:      onia_arrival_mini_spirals, layout_loops_ring, feat_on_display
D:2:      layout_basic, hellmonk_ecumenical_altar_leap_of_faith,
          uniq_crazy_yiuf_cottage

Skill      XL: |  1  2 |
---------------+-------+-----
Stealth        | 1 2 |  2.0
Fighting       | |  2.9
Short Blades   | |  2.6
Throwing       | |  1.7
Dodging        | |  2.6

Action                   || total
-------------------------++-------
Melee: Rapier            ||    23
       Hand axe          ||    53
Throw: Throwing net      ||     2
  Use: Scroll            ||     9
 Stab: Sleeping          ||     7
Armor: Leather armour    ||    24
Dodge: Dodged            ||    55

Table legend: (Time is in decaauts)
 A = Elapsed time spent in this place.
 B = Non-inter-level travel time spent in this place.
 C = Inter-level travel time spent in this place.
 D = Time resting spent in this place.
 E = Time spent auto-exploring this place.
 F = Levels seen in this place.
 G = Mean time per level.
                   A        B        C        D        E       F      G
               +--------+--------+--------+--------+--------+-----+--------+
         Total |   1330 |   1286 |     44 |    263 |    794 |   2 |  665.0 |
       Dungeon |   1330 |   1286 |     44 |    263 |    794 |   2 |  665.0 |
               +--------+--------+--------+--------+--------+-----+--------+

Top non-repeatable levels by time:
     D:1: 1248 daAuts
     D:2: 81 daAuts
